[Event "Titled Tuesday Blitz July 4 Early 2023"]
[White "Fernandez Hernandez, Gerardo"]
[Black "Saito, Vinicius"]
[WhiteFideId "2207400"]
[BlackFideId "2113384"]
[WhiteElo "2206"]
[BlackElo "2400"]
[Result "1-0"]
[Round "6"]
[TimeControl "180+2"]
[Date "2023.07.04"]
[WhiteClock "0:00:08"]
[BlackClock "0:01:09"]
[Board "172"]

1. e4 c5 2. d3 Nc6 3. g3 g6 4. Bg2 Bg7 5. f4 d6 6. Nf3 e6 7. O-O Nge7 8. c3 d5 9. e5 h5 10. Be3 b6 11. d4 Nf5 12. Bf2 cxd4 13. cxd4 Bf8 14. Nc3 Be7 15. h3 Kf8 16. Rc1 Bd7 17. Qd2 Kg7 18. g4 hxg4 19. hxg4 Nh4 20. Nxh4 Bxh4 21. f5 exf5 22. Nxd5 Rc8 23. Nf6 Bxf6 24. exf6+ Qxf6 25. d5 Ne5 26. Bd4 Qd6 27. Rce1 f6 28. g5 Rce8 29. gxf6+ Kxf6 30. Qc3 Re7 31. Rf2 Rhe8 32. Rfe2 Bb5 33. Rxe5 Rxe5 34. Qg3 g5 35. Qh2 Qb8 36. Rxe5 Rxe5 37. Qh6+ Kf7 38. Qh7+ Kf6 39. Qh6+ Ke7 40. Qg7+ Kd8 41. Bxe5 Qc8 42. Qf8+ Kd7 43. Qxf5+ Kd8 44. Qxc8+ Kxc8 45. d6 Kd7 46. a3 Ke6 47. Bg3 a5 48. Bf1 Bc6 49. Bg2 Bd7 50. Bh3+ g4 51. Bxg4+ Kf7 52. Bxd7 Kf8 53. Bb5 Kf7 54. d7 Ke7 55. Bh4+ Kd6 56. d8=Q+ Kc5 57. a4 Kb4 58. Qd4+ Kb3 59. Qc3+ Ka2 60. Qa3+ Kb1 61. b4 Kc2 62. Qa2+ Kc3 63. bxa5 Kb4 64. axb6 Kc5 65. b7 Kb6 66. b8=Q+ Kc5 67. Qe5+ Kb6 68. Qae6+ Ka5 69. Be2+ Kb4 70. Qd4+ Ka3 71. Qc3+ Kxa4 72. Qeb3# 1-0


[Site "https://www.chess.com"]

[Event "Titled Tuesday Blitz July 4 Early 2023"]
[White "campochess"]
[Black "Makhmudov, Shukhrat"]
[BlackFideId "14200775"]
[WhiteElo "2144"]
[BlackElo "2385"]
[Result "0-1"]
[Round "6"]
[TimeControl "180+2"]
[Date "2023.07.04"]
[WhiteClock "0:01:05"]
[BlackClock "0:01:08"]
[Board "173"]

1. Nc3 Nf6 2. e4 e5 3. f4 Bc5 4. Nf3 d5 5. fxe5 Nxe4 6. d4 Bb4 7. Bd2 Nxd2 8. Qxd2 O-O 9. Be2 f6 10. O-O fxe5 11. Nxe5 Be6 12. Rxf8+ Qxf8 13. Rf1 Qe7 14. Qf4 Nd7 15. Bg4 Nxe5 16. Bxe6+ Qxe6 17. dxe5 Rf8 18. Qd4 Rxf1+ 19. Kxf1 Bxc3 20. Qxc3 c6 21. Qd4 b6 22. Qf4 Qf7 23. g3 g5 24. Qf2 Qxf2+ 25. Kxf2 Kf7 26. Kf3 h5 27. h4 gxh4 28. gxh4 Ke6 29. Kf4 c5 30. a4 a6 31. b3 b5 32. axb5 axb5 33. c3 b4 34. cxb4 cxb4 35. Kg5 Kxe5 36. Kxh5 Kf5 37. Kh6 d4 38. h5 d3 39. Kg7 d2 40. h6 d1=Q 41. h7 Qd7+ 42. Kg8 Kg6 0-1


[Site "https://www.chess.com"]

[Event "Titled Tuesday Blitz July 4 Early 2023"]
[White "Gyulamiryan-koryun"]
[Black "Sokolov, Andrei"]
[BlackFideId "11600306"]
[WhiteElo "1686"]
[BlackElo "2308"]
[Result "0-1"]
[Round "6"]
[TimeControl "180+2"]
[Date "2023.07.04"]
[WhiteClock "0:00:34"]
[BlackClock "0:00:10"]
[Board "174"]

1. d4 d5 2. c4 c6 3. Nf3 Nf6 4. g3 Bf5 5. Qb3 Qb6 6. Nc3 e6 7. c5 Qxb3 8. axb3 Na6 9. Ra4 Ne4 10. Nd2 Nxd2 11. Kxd2 Nc7 12. e3 a6 13. Bd3 Bxd3 14. Kxd3 Kd7 15. f3 f5 16. e4 fxe4+ 17. fxe4 Be7 18. e5 Rhf8 19. Be3 Rf3 20. Ke2 Raf8 21. Raa1 h6 22. Raf1 Rxf1 23. Rxf1 Rxf1 24. Kxf1 Nb5 25. Nxb5 axb5 26. b4 Ke8 27. Kf2 Kf7 28. Kf3 Kg6 29. h4 h5 30. Bg1 Kf5 31. Bf2 g6 32. Bg1 g5 33. Be3 g4+ 34. Ke2 Ke4 35. Bg1 Bf8 36. Be3 Bg7 37. Bg1 Bh6 38. b3 Bc1 39. Bf2 Bb2 40. Be1 Bxd4 41. Bd2 Bxe5 42. Kf2 Bd4+ 43. Ke2 e5 44. Be1 Bb2 45. Bd2 d4 46. Be1 Bc3 47. Bf2 Bxb4 48. Be1 Bxc5 49. Bd2 Bd6 50. b4 Be7 51. Bg5 Bxg5 52. hxg5 Kf5 53. Kd3 Kxg5 54. Ke4 h4 55. gxh4+ Kxh4 0-1


[Site "https://www.chess.com"]

[Event "Titled Tuesday Blitz July 4 Early 2023"]
[White "Torres Dominguez, David"]
[Black "Howell, David W L"]
[WhiteFideId "2220857"]
[BlackFideId "410608"]
[WhiteElo "2163"]
[BlackElo "2995"]
[Result "0-1"]
[Round "6"]
[TimeControl "180+2"]
[Date "2023.07.04"]
[WhiteClock "0:00:00"]
[BlackClock "0:00:02"]
[Board "175"]

1. e4 c5 2. Nc3 Nc6 3. Bb5 Nd4 4. Bc4 e6 5. Nge2 Nxe2 6. Qxe2 a6 7. a4 Ne7 8. O-O Nc6 9. d3 Be7 10. f4 O-O 11. e5 d5 12. exd6 Qxd6 13. Be3 Nd4 14. Qf2 Bd7 15. Ne4 Qc7 16. Nxc5 Nxc2 17. Nxa6 Rxa6 18. Qxc2 Rfa8 19. Rfc1 Rxa4 20. Rxa4 Bxa4 21. Bb3 Qxc2 22. Bxc2 Bb5 23. Bd4 h5 24. Bc3 Bd6 25. g3 g6 26. Bd1 Bxd3 27. Bf3 Ba6 28. Rd1 Rd8 29. Kg2 Be7 30. Rxd8+ Bxd8 31. Be4 Kf8 32. Bb4+ Ke8 33. Kf3 Kd7 34. Bc5 Bc7 35. Ke3 Kc8 36. Kd4 Bb5 0-1


[Site "https://www.chess.com"]

[Event "Titled Tuesday Blitz July 4 Early 2023"]
[White "Biriukov, Ilja"]
[Black "Weishaeutel, Moritz"]
[WhiteFideId "4113373"]
[BlackFideId "12967300"]
[WhiteElo "2271"]
[BlackElo "2585"]
[Result "1-0"]
[Round "6"]
[TimeControl "180+2"]
[Date "2023.07.04"]
[WhiteClock "0:01:33"]
[BlackClock "0:00:58"]
[Board "177"]

1. c4 Nf6 2. Nc3 e6 3. Nf3 d5 4. cxd5 exd5 5. d4 c6 6. Bg5 Be7 7. e3 O-O 8. Qc2 h6 9. Bh4 Re8 10. Bd3 Nbd7 11. O-O Nf8 12. Rab1 a5 13. a3 Bg4 14. Ne5 Bh5 15. b4 axb4 16. axb4 N6d7 17. Bxe7 Qxe7 18. Nxd7 Qxd7 19. b5 Rec8 20. bxc6 bxc6 21. Na4 Qd6 22. Nb6 Ng6 23. Nxc8 Rxc8 24. Rfc1 Nh4 25. Rb6 Bf3 26. Rxc6 Rc7 27. Rxd6 1-0


[Site "https://www.chess.com"]

[Event "Titled Tuesday Blitz July 4 Early 2023"]
[White "gueraumasague"]
[Black "agvania123"]
[WhiteElo "2510"]
[BlackElo "2268"]
[Result "1-0"]
[Round "6"]
[TimeControl "180+2"]
[Date "2023.07.04"]
[WhiteClock "0:00:15"]
[BlackClock "0:00:04"]
[Board "178"]

1. e4 d5 2. Nc3 dxe4 3. Nxe4 Nf6 4. Ng3 c6 5. d4 g6 6. Bc4 Bg7 7. Nf3 O-O 8. O-O Bg4 9. c3 Nbd7 10. Re1 e6 11. h3 Bxf3 12. Qxf3 Nd5 13. Bd2 Qc7 14. Rad1 a5 15. Bc1 a4 16. a3 N7b6 17. Bd3 Nc8 18. h4 h5 19. Ne4 Nd6 20. Ng5 Nf5 21. g3 Rad8 22. Bc2 b5 23. Kg2 c5 24. dxc5 Qxc5 25. Bd3 Rd7 26. Rxe6 fxe6 27. Nxe6 Qe7 28. Nxf8 Bxf8 29. Bxf5 gxf5 30. Rxd5 Rxd5 31. Qxd5+ Qf7 32. Qxb5 Bd6 33. Be3 f4 34. Bxf4 Bxf4 35. gxf4 Kh8 36. Qe5+ Kh7 37. f5 Qg8+ 38. Kh2 Qg4 39. Qe7+ Kh8 40. Qf8+ Kh7 41. Qf7+ Kh8 42. Qe8+ Kh7 43. Qe7+ Kh8 44. Qg5 Qf3 45. Kg1 Qd1+ 46. Kg2 Qd5+ 47. Kg3 Qd3+ 48. f3 Qd6+ 49. Kh3 Qd3 50. Qxh5+ Kg7 51. Qg6+ Kh8 52. Qh6+ Kg8 53. Qe6+ Kh8 54. Kg4 Qf1 55. f6 Qg2+ 56. Kf4 Qh2+ 57. Kf5 Qh3+ 58. Ke5 Qg3+ 59. Kd4 Qxh4+ 60. Kd5 Qg5+ 61. Kd6 Qd2+ 62. Ke7 Qxb2 63. Qh3+ Kg8 64. f7+ Kg7 65. f8=Q+ Kg6 66. Qf6# 1-0


[Site "https://www.chess.com"]

[Event "Titled Tuesday Blitz July 4 Early 2023"]
[White "Ncatt"]
[Black "Martin, Lewis"]
[BlackFideId "410551"]
[WhiteElo "2405"]
[BlackElo "2257"]
[Result "1/2-1/2"]
[Round "6"]
[TimeControl "180+2"]
[Date "2023.07.04"]
[WhiteClock "0:00:41"]
[BlackClock "0:01:59"]
[Board "180"]

1. e4 c5 2. Nf3 d6 3. d4 cxd4 4. Nxd4 Nf6 5. Nc3 a6 6. h3 e5 7. Nde2 b5 8. g4 b4 9. Nd5 Nxd5 10. Qxd5 Ra7 11. Be3 Rd7 12. Bg2 Bb7 13. Qb3 d5 14. exd5 Bxd5 15. O-O Bxg2 16. Kxg2 Be7 17. Ng3 g6 18. f4 exf4 19. Rxf4 O-O 20. Raf1 Bg5 21. Rxb4 Bxe3 22. Qxe3 Rd2+ 23. Rf2 Qd5+ 24. Ne4 Rxf2+ 25. Kxf2 f5 26. Rxb8 fxe4+ 27. Rxf8+ Kxf8 28. b3 Ke7 29. a4 a5 30. c4 Qe5 31. Qa7+ Kf6 32. Qb6+ Kg7 33. Ke3 Qg3+ 34. Kxe4 Qxh3 35. Qa7+ Kh6 36. Qe3+ Qxe3+ 37. Kxe3 Kg5 38. c5 Kf6 39. c6 Ke6 40. Kf4 h5 41. gxh5 gxh5 42. Kg5 Kd6 43. Kxh5 Kxc6 44. Kg4 Kc5 45. Kf3 Kb4 46. Ke2 Kxb3 47. Kd1 Kxa4 48. Kc1 Ka3 49. Kb1 Kb3 50. Ka1 a4 51. Kb1 a3 52. Ka1 a2 1/2-1/2


[Site "https://www.chess.com"]

[Event "Titled Tuesday Blitz July 4 Early 2023"]
[White "Mazurkiewicz, Michal"]
[Black "laimis61"]
[WhiteFideId "1124943"]
[WhiteElo "2405"]
[BlackElo "2256"]
[Result "1-0"]
[Round "6"]
[TimeControl "180+2"]
[Date "2023.07.04"]
[WhiteClock "0:01:42"]
[BlackClock "0:00:47"]
[Board "181"]

1. e4 d6 2. d4 Nf6 3. Nc3 e5 4. dxe5 dxe5 5. Qxd8+ Kxd8 6. Bc4 Bb4 7. f3 Ke7 8. Bd2 Be6 9. Bxe6 Kxe6 10. O-O-O Nbd7 11. Nh3 h6 12. Nf2 a6 13. Nd3 Bd6 14. Rhe1 Rhd8 15. f4 exf4 16. Bxf4 Ne5 17. Nd5 Nxd3+ 18. Rxd3 Bxf4+ 19. Nxf4+ Ke7 20. e5 Nd7 21. Nd5+ Kf8 22. Nxc7 Rac8 23. e6 Rxc7 24. e7+ Ke8 25. exd8=R+ Kxd8 26. Kd2 Rc6 27. b3 Rf6 28. c4 Rf2+ 29. Kc3 Kc8 30. Re8+ Kc7 31. Re7 1-0


[Site "https://www.chess.com"]

[Event "Titled Tuesday Blitz July 4 Early 2023"]
[White "Bazilius, Augustinas"]
[Black "Modric, Nesa"]
[WhiteFideId "12832251"]
[BlackFideId "922579"]
[WhiteElo "2401"]
[BlackElo "2251"]
[Result "1-0"]
[Round "6"]
[TimeControl "180+2"]
[Date "2023.07.04"]
[WhiteClock "0:00:03"]
[BlackClock "0:00:00"]
[Board "182"]

1. d4 e6 2. c4 d5 3. Nf3 c6 4. g3 a6 5. Bg2 dxc4 6. Ne5 Nd7 7. Nxc4 Ngf6 8. O-O Be7 9. Nc3 O-O 10. e4 b5 11. Ne3 Nb6 12. d5 cxd5 13. exd5 exd5 14. Ncxd5 Nbxd5 15. Nxd5 Nxd5 16. Bxd5 Bh3 17. Re1 Ra7 18. Qb3 Rd7 19. Bc6 Rd6 20. Bg2 Bxg2 21. Kxg2 Rd3 22. Qc2 Bf6 23. Be3 Qd5+ 24. Kg1 Rd8 25. a3 h6 26. Rac1 Qb3 27. Qxb3 Rxb3 28. Rc6 a5 29. Bb6 Ra8 30. a4 Rxb2 31. axb5 Rxb5 32. Re2 a4 33. Ra2 Rb2 34. Ra3 Rb3 35. Bc5 Rxa3 36. Bxa3 Rd8 37. Ra6 Rd4 38. Kg2 g5 39. Bb2 Rd6 40. Rxd6 Bxb2 41. Ra6 a3 42. f4 Kg7 43. Kf3 gxf4 44. gxf4 f6 45. Kg4 Bc1 46. Kf5 Bb2 47. Ra7+ Kf8 48. Kg6 Ke8 49. Kxh6 Bc1 50. Kg6 Bxf4 51. h4 Bc1 52. h5 1-0


[Site "https://www.chess.com"]

[Event "Titled Tuesday Blitz July 4 Early 2023"]
[White "GAO"]
[Black "Tuleyeva-Aketayeva, Dana"]
[BlackFideId "13701932"]
[WhiteElo "2395"]
[BlackElo "2246"]
[Result "1-0"]
[Round "6"]
[TimeControl "180+2"]
[Date "2023.07.04"]
[WhiteClock "0:00:17"]
[BlackClock "0:00:15"]
[Board "183"]

1. Nf3 Nf6 2. b3 g6 3. Bb2 Bg7 4. e3 O-O 5. c4 b6 6. Nc3 Bb7 7. Be2 d6 8. d4 Nbd7 9. O-O e5 10. Qc2 Re8 11. Rfd1 Qe7 12. Rac1 e4 13. Nd2 c6 14. b4 a5 15. a3 axb4 16. axb4 d5 17. Ra1 Qxb4 18. Rab1 Qe7 19. Qb3 Reb8 20. cxd5 cxd5 21. Nb5 Ba6 22. Ba3 Qd8 23. Rdc1 Rc8 24. Bf1 Bf8 25. Bxf8 Qxf8 26. Nc7 Bc4 27. Bxc4 Rxc7 28. Bxd5 Ra3 29. Bxf7+ Kg7 30. Rxc7 Rxb3 31. Bxb3 Qd6 32. Rbc1 Qb4 33. R1c2 Kh6 34. h3 Qa3 35. Be6 Qd6 36. Bxd7 Nxd7 37. Nxe4 Qe6 38. Ng3 b5 39. R2c6 Qe8 40. Nf5+ Kg5 41. Nd6 Qb8 42. Rxd7 b4 43. Rb7 Qd8 44. Rxb4 Qa5 45. Rb5+ Qxb5 46. Nxb5 h5 47. Nc3 Kh6 48. h4 Kg7 49. g3 Kh6 50. Kg2 Kg7 51. Ne2 Kh6 52. Nf4 Kh7 53. Rxg6 Kh8 54. Rg5 Kh7 55. d5 Kh6 56. d6 Kh7 57. d7 Kh6 58. d8=Q Kh7 59. Qg8+ Kh6 60. Qg6# 1-0


[Site "https://www.chess.com"]

[Event "Titled Tuesday Blitz July 4 Early 2023"]
[White "Tinmaz, Kerem"]
[Black "Peiris, T G M"]
[WhiteFideId "44559151"]
[BlackFideId "9901310"]
[WhiteElo "2381"]
[BlackElo "2236"]
[Result "1-0"]
[Round "6"]
[TimeControl "180+2"]
[Date "2023.07.04"]
[WhiteClock "0:00:04"]
[BlackClock "0:00:00"]
[Board "184"]

1. e4 c5 2. Nc3 e6 3. g3 d5 4. exd5 exd5 5. d4 Nc6 6. Nge2 Nf6 7. Bg2 Be7 8. O-O O-O 9. dxc5 Bxc5 10. Nxd5 Be6 11. Nef4 Bf5 12. Be3 Bd6 13. c4 Be5 14. Qe2 Re8 15. Rad1 Qa5 16. a3 Rac8 17. Nxf6+ Bxf6 18. Nd5 Be5 19. Rfe1 h6 20. Qd2 Qa4 21. Rc1 Qb3 22. Bf4 Bxb2 23. Rxe8+ Rxe8 24. Re1 Rd8 25. Qe2 Bxa3 26. Be4 Bxe4 27. Qxe4 Bb4 28. Rb1 Qa3 29. Nxb4 Nxb4 30. Qe7 Qa5 31. Qxb4 Qa6 32. Qxb7 Qxc4 33. Qc7 Qd3 34. Re1 Rd7 35. Qc8+ Kh7 36. Rc1 g5 37. Be3 Kg7 38. Qc2 Qd5 39. Qc3+ Kh7 40. Ra1 f5 41. Rxa7 Rxa7 42. Bxa7 Qd1+ 43. Kg2 Qd5+ 44. Qf3 Qa5 45. Be3 Kg6 46. Qc6+ Kh5 47. h3 Qa8 48. Qxa8 1-0


[Site "https://www.chess.com"]

[Event "Titled Tuesday Blitz July 4 Early 2023"]
[White "Slavin, Alexey"]
[Black "Xavier_mompel"]
[WhiteFideId "24104388"]
[WhiteElo "2373"]
[BlackElo "2236"]
[Result "0-1"]
[Round "6"]
[TimeControl "180+2"]
[Date "2023.07.04"]
[WhiteClock "0:00:59"]
[BlackClock "0:00:19"]
[Board "185"]

1. e4 c5 2. g3 Nc6 3. Bg2 e6 4. Ne2 Nge7 5. O-O g6 6. Nbc3 a6 7. a3 Bg7 8. Rb1 O-O 9. b4 cxb4 10. axb4 d6 11. b5 axb5 12. Nxb5 d5 13. d3 d4 14. Ba3 e5 15. Qc1 Be6 16. Nd6 b6 17. f4 Bg4 18. Rf2 Bxe2 19. Rxe2 h5 20. Nc4 Rb8 21. Rf2 b5 22. Nxe5 Nxe5 23. fxe5 Bxe5 24. Qg5 Nc6 25. Bxf8 Qxg5 0-1


[Site "https://www.chess.com"]

[Event "Titled Tuesday Blitz July 4 Early 2023"]
[White "Warchol, Kamil"]
[Black "Seletsky, Grigory"]
[WhiteFideId "21858241"]
[BlackFideId "14112191"]
[WhiteElo "2233"]
[BlackElo "2360"]
[Result "1-0"]
[Round "6"]
[TimeControl "180+2"]
[Date "2023.07.04"]
[WhiteClock "0:00:08"]
[BlackClock "0:00:00"]
[Board "186"]

1. e4 e6 2. d4 d5 3. Nd2 Nc6 4. Ngf3 Nf6 5. e5 Nd7 6. Be2 f6 7. exf6 Qxf6 8. Nf1 h6 9. Ne3 Bd6 10. O-O Ne7 11. Ng4 Qf7 12. Bd3 c6 13. Re1 Kd8 14. Nge5 Nxe5 15. Nxe5 Qf6 16. Qh5 Bxe5 17. Rxe5 Bd7 18. g3 Be8 19. Qg4 Bf7 20. h4 Kd7 21. Bg5 hxg5 22. hxg5 Qg6 23. Bxg6 Nxg6 24. Re3 Nf8 25. Rae1 Re8 26. Re5 Bg6 27. c4 Kd8 28. cxd5 cxd5 29. Rc1 Be4 30. Rxe4 dxe4 31. Qxe4 Re7 32. d5 exd5 33. Qxd5+ Rd7 34. Qe5 Ng6 35. Qb8+ Ke7 36. Rc8 Rxc8 37. Qxc8 a6 38. Qc5+ Kf7 39. Qe3 Re7 40. Qb3+ Kf8 41. Kg2 1-0


[Site "https://www.chess.com"]

[Event "Titled Tuesday Blitz July 4 Early 2023"]
[White "Mishra, Manoj"]
[Black "Koridze, Lile"]
[WhiteFideId "5006007"]
[BlackFideId "13612514"]
[WhiteElo "2207"]
[BlackElo "2355"]
[Result "1-0"]
[Round "6"]
[TimeControl "180+2"]
[Date "2023.07.04"]
[WhiteClock "0:00:25"]
[BlackClock "0:00:28"]
[Board "187"]

1. d4 Nf6 2. Bg5 e6 3. e3 d5 4. Bd3 Be7 5. Nd2 c5 6. c3 h6 7. Bh4 Nc6 8. Ngf3 a6 9. Ne5 Nxe5 10. dxe5 Nd7 11. Bg3 Qc7 12. Nf3 b5 13. a4 Rb8 14. axb5 axb5 15. Bc2 b4 16. O-O O-O 17. Qd3 g6 18. c4 Nb6 19. b3 Rd8 20. Qe2 dxc4 21. bxc4 Bb7 22. Bf4 Kg7 23. e4 Ra8 24. h4 Ba6 25. Bb3 Bb7 26. Qe3 h5 27. Bh6+ Kh7 28. Bg5 Bxg5 29. Nxg5+ Kg7 30. Qf4 Qe7 31. f3 Rxa1 32. Rxa1 Ra8 33. Rxa8 Nxa8 34. g4 hxg4 35. fxg4 Qd7 36. h5 Qd4+ 37. Kh2 Qd7 38. h6+ Kxh6 39. Nxe6+ Kh7 40. Nf8+ 1-0


[Site "https://www.chess.com"]

[Event "Titled Tuesday Blitz July 4 Early 2023"]
[White "Kiseleva, Arina"]
[Black "Fernandez, Michael"]
[WhiteFideId "4164989"]
[BlackFideId "5803560"]
[WhiteElo "2197"]
[BlackElo "2347"]
[Result "0-1"]
[Round "6"]
[TimeControl "180+2"]
[Date "2023.07.04"]
[WhiteClock "0:00:54"]
[BlackClock "0:01:49"]
[Board "188"]

1. d4 d5 2. Nf3 Nf6 3. e3 Bg4 4. Nbd2 e6 5. h3 Bxf3 6. Nxf3 Bd6 7. Bd3 O-O 8. O-O c5 9. dxc5 Bxc5 10. a3 Nc6 11. b4 Be7 12. Bb2 Rc8 13. Ne5 Nxe5 14. Bxe5 Bd6 15. Bb2 h6 16. Rc1 Bb8 17. Qf3 Qd6 18. g3 e5 19. Qg2 e4 20. Be2 Qe6 21. Rfd1 Be5 22. Bd4 Bxd4 23. Rxd4 Rc3 24. a4 Rfc8 25. Rd2 Qe7 26. b5 Qa3 27. g4 Qxc1+ 0-1


[Site "https://www.chess.com"]

[Event "Titled Tuesday Blitz July 4 Early 2023"]
[White "Vila Dupla, Aurelio"]
[Black "Sovetbekova, Nurai"]
[WhiteFideId "2203383"]
[BlackFideId "13801910"]
[WhiteElo "2181"]
[BlackElo "2346"]
[Result "0-1"]
[Round "6"]
[TimeControl "180+2"]
[Date "2023.07.04"]
[WhiteClock "0:00:00"]
[BlackClock "0:00:03"]
[Board "189"]

1. Nf3 d5 2. d4 Nf6 3. c4 e6 4. cxd5 exd5 5. Nc3 c6 6. Qc2 g6 7. Bg5 Be7 8. e3 Bf5 9. Bd3 Bxd3 10. Qxd3 Nbd7 11. O-O O-O 12. Rfe1 Ng4 13. Bxe7 Qxe7 14. e4 Qd6 15. h3 Nh6 16. Qe3 Kg7 17. exd5 cxd5 18. Qg5 Nb6 19. Qe5+ Qxe5 20. Rxe5 Rad8 21. Rae1 Ng8 22. b3 Nf6 23. Re7 Rfe8 24. Nb5 Nbd7 25. Rxe8 Nxe8 26. Nxa7 Nd6 27. a4 Ra8 28. Nb5 Nxb5 29. axb5 Kf8 30. Ne5 Nb6 31. Rc1 f6 32. Nd3 Ra3 33. Nc5 Ra5 34. Nxb7 Rxb5 35. Rc7 Rxb3 36. Rxh7 Nc4 37. Nc5 Rb1+ 38. Kh2 Rd1 39. Ne6+ Ke8 40. Rg7 g5 41. Nc7+ Kf8 42. Ne6+ Ke8 43. Rc7 Nd2 44. Kg3 Ne4+ 45. Kg4 Nxf2+ 46. Kf5 Ne4 47. Nc5 Nxc5 48. dxc5 Kd8 49. Rf7 d4 50. c6 d3 51. Rd7+ Kc8 52. Kxf6 d2 53. Kxg5 Kb8 54. Rd3 Kc7 0-1


[Site "https://www.chess.com"]

[Event "Titled Tuesday Blitz July 4 Early 2023"]
[White "Rudzinska, Michalina"]
[Black "Feliz Dotel, Dewar Bienvenido"]
[WhiteFideId "1172883"]
[BlackFideId "6402801"]
[WhiteElo "2330"]
[BlackElo "2174"]
[Result "1-0"]
[Round "6"]
[TimeControl "180+2"]
[Date "2023.07.04"]
[WhiteClock "0:00:36"]
[BlackClock "0:00:00"]
[Board "190"]

1. e4 e5 2. Nf3 Nc6 3. Nc3 Nf6 4. a4 Bb4 5. Bd3 O-O 6. Nd5 Bc5 7. c3 a6 8. O-O d6 9. h3 Be6 10. b4 Ba7 11. b5 axb5 12. axb5 Nxd5 13. exd5 Bxd5 14. bxc6 Bxf2+ 15. Rxf2 Rxa1 16. Bc2 Bxc6 17. d3 h6 18. Rf1 f5 19. Qe2 Qf6 20. Bb2 Rxf1+ 21. Qxf1 e4 22. Nd4 exd3 23. Bxd3 Qg5 24. Qf2 Bxg2 25. Ne6 Qe7 26. Nxf8 Bxh3 27. Qg3 Bg4 28. Ng6 1-0


[Site "https://www.chess.com"]

[Event "Titled Tuesday Blitz July 4 Early 2023"]
[White "Lisjak, Zlatko"]
[Black "Vifleemskaia, Svetlana"]
[WhiteFideId "14502186"]
[BlackFideId "4129490"]
[WhiteElo "2125"]
[BlackElo "2317"]
[Result "0-1"]
[Round "6"]
[TimeControl "180+2"]
[Date "2023.07.04"]
[WhiteClock "0:00:05"]
[BlackClock "0:00:42"]
[Board "191"]

1. d4 Nf6 2. Nc3 d5 3. Bf4 a5 4. e3 c6 5. Bd3 b5 6. Nf3 Bg4 7. h3 Bh5 8. a3 Nbd7 9. O-O e6 10. e4 b4 11. Na4 dxe4 12. Be2 exf3 13. Bxf3 Bxf3 14. Qxf3 Rc8 15. axb4 axb4 16. Rfe1 Nd5 17. Bh2 Be7 18. c4 bxc3 19. bxc3 O-O 20. c4 Nb4 21. Rad1 Nf6 22. Qe2 Qa5 23. Nc3 Rfd8 24. c5 Nbd5 25. Ne4 Nxe4 26. Qxe4 Nc3 27. Qg4 Nxd1 28. Be5 g6 29. Rxd1 Rd5 30. h4 h5 31. Qf4 Rxe5 32. dxe5 Qxc5 33. Rd7 Rd8 34. Rb7 Kg7 35. Qf3 Rf8 36. g4 Bxh4 37. gxh5 Qxe5 38. hxg6 Qg5+ 39. Kh2 Qxg6 40. Qc3+ Bf6 41. Qxc6 Rh8# 0-1


[Site "https://www.chess.com"]

[Event "Titled Tuesday Blitz July 4 Early 2023"]
[White "Hartikainen, Jarmo"]
[Black "Cardozo Munar, Carlos Eduardo"]
[WhiteFideId "503134"]
[BlackFideId "4409477"]
[WhiteElo "2156"]
[BlackElo "2314"]
[Result "0-1"]
[Round "6"]
[TimeControl "180+2"]
[Date "2023.07.04"]
[WhiteClock "0:00:04"]
[BlackClock "0:01:07"]
[Board "192"]

1. e4 e6 2. d4 d5 3. Nd2 c5 4. Ngf3 Nc6 5. exd5 Qxd5 6. Bc4 Qd7 7. Bb5 Nf6 8. O-O cxd4 9. Nb3 a6 10. Bxc6 Qxc6 11. Nbxd4 Qc7 12. Bg5 Be7 13. Re1 b5 14. Bh4 Bb7 15. Bg3 Qd7 16. c3 O-O 17. a4 b4 18. cxb4 Bxb4 19. Re2 Rfd8 20. Qb3 a5 21. h3 Bd5 22. Qe3 Bc5 23. Qe5 Bxd4 24. Nxd4 Bxg2 25. Nxe6 Bxh3 26. Nxd8 Rxd8 27. Kh2 Ng4+ 28. Kxh3 Nxe5+ 29. Kh2 Nf3+ 30. Kg2 Qd5 31. Rc1 h5 32. Rec2 Ne1+ 33. Kf1 Nxc2 0-1


[Site "https://www.chess.com"]

[Event "Titled Tuesday Blitz July 4 Early 2023"]
[White "Jaivardhan Raj"]
[Black "Wang, Alexander J"]
[WhiteFideId "25744437"]
[BlackFideId "30955270"]
[WhiteElo "2088"]
[BlackElo "2305"]
[Result "1/2-1/2"]
[Round "6"]
[TimeControl "180+2"]
[Date "2023.07.04"]
[WhiteClock "0:00:15"]
[BlackClock "0:00:18"]
[Board "193"]

1. e4 c5 2. Nf3 d6 3. d4 cxd4 4. Qxd4 Nc6 5. Qe3 Nf6 6. c4 g6 7. Nc3 Bg7 8. h3 O-O 9. Be2 Be6 10. Rb1 Rc8 11. O-O Nd7 12. b3 Nc5 13. Bb2 a5 14. Nd5 Bxb2 15. Rxb2 Bxd5 16. exd5 Nb8 17. Nd4 Nbd7 18. a3 Nf6 19. b4 axb4 20. axb4 Ncd7 21. Nb5 Ne5 22. Qd4 Ra8 23. f4 Ned7 24. f5 Qb6 25. Qxb6 Nxb6 26. fxg6 hxg6 27. Bd3 Rfc8 28. Re2 Nxc4 29. Rxe7 Nxd5 30. Rxb7 Ne5 31. Be4 Ne3 32. Re1 N3c4 33. Bd5 Rab8 34. Rxb8 Rxb8 35. Nxd6 Nxd6 36. Rxe5 Rxb4 37. Re7 Rd4 38. Ba2 Rd1+ 39. Kh2 Rd2 40. Bb3 Rb2 41. Bd5 Rd2 42. Bb3 Kg7 43. Rd7 Kf6 44. Bxf7 Ne4 45. Rxd2 Nxd2 46. Bd5 Nf1+ 47. Kg1 Ne3 48. Bf3 g5 49. Kf2 Nf5 50. g4 Nh4 51. Kg3 Kg6 52. Be4+ Kf6 53. Bh7 Ke5 54. Bb1 Kd4 55. Bh7 Ke3 56. Bb1 Nf3 57. Bh7 Nh4 58. Bb1 Ke2 59. Bc2 Ke3 60. Bb1 1/2-1/2


[Site "https://www.chess.com"]

[Event "Titled Tuesday Blitz July 4 Early 2023"]
[White "Acikel, Mert"]
[Black "Singgih, Diajeng Theresa"]
[WhiteFideId "12956465"]
[BlackFideId "7104391"]
[WhiteElo "2304"]
[BlackElo "2107"]
[Result "1-0"]
[Round "6"]
[TimeControl "180+2"]
[Date "2023.07.04"]
[WhiteClock "0:02:33"]
[BlackClock "0:02:18"]
[Board "194"]

1. e4 e5 2. Nf3 Nc6 3. Bc4 Bc5 4. c3 Nf6 5. d4 exd4 6. e5 d5 7. Bb5 Ne4 8. cxd4 Bb6 9. Nc3 O-O 10. Be3 Ne7 11. Bd3 Bf5 12. Nh4 Nxc3 13. bxc3 Bxd3 14. Qxd3 Ng6 15. Nxg6 fxg6 16. O-O Qe7 17. a4 c5 18. dxc5 Bxc5 19. Qxd5+ Kh8 20. Bxc5 1-0


[Site "https://www.chess.com"]

[Event "Titled Tuesday Blitz July 4 Early 2023"]
[White "Aanna12"]
[Black "Torres Hernandez, Leslie Carolin"]
[BlackFideId "8400504"]
[WhiteElo "2079"]
[BlackElo "2303"]
[Result "0-1"]
[Round "6"]
[TimeControl "180+2"]
[Date "2023.07.04"]
[WhiteClock "0:00:00"]
[BlackClock "0:00:05"]
[Board "195"]

1. e4 e6 2. d3 d5 3. Nd2 Nc6 4. Ngf3 g5 5. g3 Qf6 6. Bg2 h5 7. h4 g4 8. Nh2 Bd7 9. O-O O-O-O 10. c3 dxe4 11. Nxe4 Qg7 12. d4 Nh6 13. Bf4 Nf5 14. Qb3 f6 15. a4 e5 16. dxe5 fxe5 17. Bg5 Be7 18. a5 a6 19. Bxe7 Qxe7 20. Ng5 Rhf8 21. Rfe1 Qc5 22. Ne4 Qa7 23. Nf1 Rde8 24. Ne3 Nxe3 25. Rxe3 Ne7 26. Ng5 Nf5 27. Rd3 Nd6 28. Ne4 Nxe4 29. Bxe4 Rxf2 30. Kh1 Ref8 31. Bxb7+ Qxb7+ 32. Qxb7+ Kxb7 33. Rxd7 Rxb2 34. Re7 Rff2 0-1


[Site "https://www.chess.com"]

[Event "Titled Tuesday Blitz July 4 Early 2023"]
[White "Vaglio Munoz, Jaime"]
[Black "Blackwhite017"]
[WhiteFideId "6500145"]
[WhiteElo "2302"]
[BlackElo "2058"]
[Result "1-0"]
[Round "6"]
[TimeControl "180+2"]
[Date "2023.07.04"]
[WhiteClock "0:01:39"]
[BlackClock "0:00:00"]
[Board "196"]

1. e4 c5 2. a3 g6 3. b4 cxb4 4. axb4 Bg7 5. c3 d5 6. exd5 Qxd5 7. d4 Nf6 8. Nf3 Bg4 9. Be2 O-O 10. h3 Bf5 11. O-O a5 12. c4 Qd8 13. b5 b6 14. Ba3 Re8 15. Nc3 Ra7 16. c5 Nd5 17. Nxd5 Qxd5 18. Rc1 Nd7 19. c6 Nf6 20. Qa4 Ne4 21. Bc4 Qd8 22. Rfd1 Nd6 23. Ba2 Qc7 24. Ng5 e6 25. g4 Bh6 26. gxf5 Bxg5 27. fxe6 Bxc1 28. Bxd6 Qxd6 29. exf7+ Rxf7 30. Bxf7+ Kxf7 31. Qc4+ Kg7 32. Qxc1 Re4 33. c7 1-0


[Site "https://www.chess.com"]